 Dungeon Crawl Stone Soup version 0.21-a0-29-g43b3074 (webtiles) character file.

120 grindst0ne the Shield-Bearer (level 5, -1/42 HPs)
             Began as a Formicid Fighter on May 26, 2017.
             Was an Initiate of Cheibriados.
             Slain by a goblin
             ... wielding a +1 dagger of electrocution
              (19 damage)
             ... on level 3 of the Dungeon.
             The game lasted 00:04:59 (2316 turns).

grindst0ne the Shield-Bearer (Formicid Fighter)     Turns: 2316, Time: 00:05:00

Health: -1/42      AC:  6    Str: 21    XL:     5   Next: 25%
Magic:  5/5        EV:  8    Int:  9    God:    Cheibriados [......]
Gold:   140        SH: 10    Dex: 12    Spells: 4/4 levels left

rFire    . . .     SeeInvis +   a - +1 war axe
rCold    . . .     Gourm    .   c - +0 shield
rNeg     . . .     Faith    .   b - +0 scale mail
rPois    .         Spirit   .   (helmet unavailable)
rElec    .         Reflect  .   (no cloak)
rCorr    .         Harm     .   (no gloves)
MR       .....                  (no boots)
Stlth    ..........             (no amulet)
Regen    0.2/turn               p - ring of loudness (curse)
MPRegen  0.1/turn               r - ring of wizardry

@: lethally poisoned (-1 -> -4), drained, very slow
A: permanent stasis, dig shafts and tunnels, four strong arms, antennae 3
a: Dig, Shaft Self, Bend Time, Renounce Religion


You were on level 3 of the Dungeon.
You worshipped Cheibriados.
Cheibriados was noncommittal.
You were not hungry.

You visited 1 branch of the dungeon, and saw 3 of its levels.

You collected 140 gold pieces.

Inventory:

Hand Weapons
 a - a +1 war axe (weapon)
Armour
 b - a +0 scale mail (worn)
 c - a +0 shield (worn)
Jewellery
 p - a cursed ring of loudness (left hand)
 r - a ring of wizardry (right hand)
Scrolls
 e - 4 scrolls of identify
 g - a scroll of magic mapping
 h - a scroll of noise
 m - 2 scrolls of fear
 t - a scroll of teleportation {unknown}
Potions
 d - a potion of might
 i - a potion of lignification {unknown}
 l - a potion of degeneration {unknown}
 n - a potion of haste
 q - 2 potions of cancellation {unknown}
 s - 2 potions of berserk rage {unknown}
Books
 o - a book of Minor Magic

   Spells                             Type                      Level
   a - Magic Dart                     Conjuration                  1
   b - Blink                          Translocation                2
   c - Call Imp                       Summoning                    2
   d - Slow                           Hexes                        2
   e - Conjure Flame                  Conjuration/Fire             3
   f - Mephitic Cloud                 Conjuration/Poison/Air       3
Comestibles
 f - 2 bread rations
 j - 2 meat rations
 k - a royal jelly


   Skills:
 + Level 4.1(3.4) Fighting
 + Level 2.9(2.3) Axes
 - Level 3.2(2.6) Armour
 * Level 5.5(4.8) Shields


You had 4 spell levels left.
You didn't know any spells.

Dungeon Overview and Level Annotations

Branches:
Dungeon (3/15)

Altars:
Cheibriados
Elyvilon
Gozag
Kikubaaqudgha


Innate Abilities, Weirdness & Mutations

You cannot be hasted, slowed, berserked, paralysed or teleported.
You can dig through walls and to a lower floor.
Your four strong arms can wield two-handed weapons with a shield.
You have a pair of large antennae on your head. (SInv)


Message History

The goblin shouts!
The kobold unwields an uncursed dagger.
The kobold wields a blowgun.
The kobold shoots a poisoned needle.
The poisoned needle hits you!
You are poisoned.
There is an open door here.
You see here a poisoned needle.
You feel sick.
You closely miss the kobold.
You feel sick.
The kobold unwields an uncursed blowgun.
The kobold wields an uncursed dagger.
You block the kobold's attack.
You slash the kobold!
You kill the kobold!
Cheibriados appreciates the change of pace.
You feel sick.
You closely miss the goblin.
You feel sick. You block the goblin's attack.
The goblin hits you but does no damage.
You are electrocuted!
You closely miss the goblin. You block the goblin's attack.
You closely miss the goblin.
You feel sick. The goblin hits you but does no damage.
You are electrocuted!
You die...

.# ###.# ##.....##
####.#.# ##.......##
###......###.........#
...........+.........+
........####.........#
###.##..# #.......# #
#.###.#### #..g..# #
#........# #.@.# #
#.....##.# ##(## #
##.##.##.# #.#
####.##.##.# #.#
........##.# ##.##
####.......#
##.).###### ####.####
#..........
#.#######...#.....
#..........#..###.


You could see a goblin.

Vanquished Creatures
  An orc priest (D:3)
  2 adders (D:3)
  2 worms
  2 dart slugs (D:3)
  A leopard gecko (D:3)
  4 orcs (D:3)
  A ball python (D:3)
  8 bats
  9 goblins
  12 hobgoblins
  5 kobolds
  2 frilled lizards
  3 rats
52 creatures vanquished.

Notes
Turn   | Place    | Note
-------+----------+-------------------------------------------
     0 | D:1      | grindst0ne the Formicid Fighter began the quest for the Orb.
     0 | D:1      | Reached XP level 1. HP: 18/18 MP: 1/1
    93 | D:1      | Reached skill level 4 in Shields
    93 | D:1      | Reached XP level 2. HP: 20/24 MP: 2/2
   575 | D:1      | Reached XP level 3. HP: 28/29 MP: 3/3
   951 | D:2      | Found an opulent altar of Gozag.
  1217 | D:2      | Found a white marble altar of Elyvilon.
  1619 | D:3      | Reached XP level 4. HP: 33/37 MP: 4/4
  1631 | D:3      | Reached skill level 5 in Shields
  1722 | D:3      | Found a snail-covered altar of Cheibriados.
  1727 | D:3      | Found an ancient bone altar of Kikubaaqudgha.
  1737 | D:3      | Became a worshipper of Cheibriados the Contemplative
  1888 | D:3      | Reached XP level 5. HP: 42/42 MP: 5/5
  2316 | D:3      | Slain by a goblin

Vault maps used:
D:1:      minmay_arrival_radiant_lines, fountainhead
D:2:      elyvilon_altar_1, old_standard_altar, minmay_tromino_v2
D:3:      grunt_temple_overflow_open

Skill      XL: |  1  2  3  4 |
---------------+-------------+-----
Shields        | 4 5 |  5.5
Fighting       | 4 |  4.1
Axes           | |  2.9
Armour         | |  3.2

Action                   |  1- 3 |  4- 6 || total
-------------------------+-------+-------++-------
Melee: War axe           |   138 |    65 ||   203
 Abil: Dig               |     2 |       ||     2
  Use: Scroll            |     6 |       ||     6
  Eat: Chunk             |     2 |     3 ||     5
Armor: Scale mail        |    64 |    40 ||   104
Dodge: Dodged            |    46 |    20 ||    66
Block: Shield            |    77 |    56 ||   133
